 Dungeon Crawl Stone Soup version 0.18-a0-1788-g92de1ac (webtiles) character file.

6183 zxpr0jk the Thaumaturge (level 10, -2/69 HPs)
             Began as a Mottled Draconian Ice Elementalist on Apr 20, 2016.
             Was a Believer of Vehumet.
             Slain by an orc
             ... wielding a +0 trident
              (10 damage)
             ... on level 10 of the Dungeon.
             The game lasted 00:43:40 (9291 turns).

zxpr0jk the Thaumaturge (DrIE)                      Turns: 9291, Time: 00:43:41

Health: -2/69      AC: 19    Str: 10      XL:     10   Next: 60%
Magic:  2/24       EV: 11    Int: 17 (19) God:    Vehumet [**....]
Gold:   306        SH:  5    Dex: 16      Spells: 3 memorised, 22 levels left

rFire  . . .     SeeInvis +     p - +4 spear "Icravys" {pierce, SInv}
rCold  . . .     Gourm    .     (armour unavailable)
rNeg   . . .     Faith    .     c - +2 buckler
rPois  .         Spirit   .     (helmet restricted)
rElec  .         Dismiss  .     r - +2 cloak
rCorr  .         Reflect  .     (no gloves)
SustAt .         Harm     .     (no boots)
MR     .....                    (no amulet)
Stlth  ++........               g - +4 ring of intelligence
                                z - +2 ring of protection

@: icy armour, very slightly contaminated, drained, slow, not resistant to
hostile enchantments, unstealthy
A: breathe sticky flame splash, unfitting armour, beak, cold-blooded, AC +7
a: Breathe Sticky Flame, Renounce Religion


You were on level 10 of the Dungeon.
You worshipped Vehumet.
Vehumet was pleased with you.
You were hungry.

You visited 2 branches of the dungeon, and saw 11 of its levels.

You collected 306 gold pieces.

Inventory:

Hand Weapons
 h - a +3 quarterstaff
 p - the +4 spear "Icravys" (weapon) {pierce, SInv}
   (You found it on level 11 of the Dungeon)

   It inflicts extra damage upon your enemies.
   It lets you see invisible.
 s - a +4 dagger of venom
 t - a +1 dire flail
Missiles
 q - 6 javelins
 E - 12 tomahawks
 L - 3 javelins of penetration (quivered)
Armour
 c - a +2 buckler (worn)
 r - a +2 cloak (worn)
Magical Staves
 d - an uncursed staff of power
Jewellery
 g - a +4 ring of intelligence (right hand)
 z - a +2 ring of protection (left hand)
Wands
 e - a wand of polymorph (6/24)
 j - a wand of flame (13/48)
 v - a wand of polymorph (13/24)
 x - a wand of lightning (0/15)
 y - a wand of lightning (5/15)
 M - a wand of hasting (8/9)
Scrolls
 f - 3 scrolls of recharging
 i - 8 scrolls of identify
 k - 5 scrolls of remove curse
 l - 2 scrolls of amnesia
 I - 2 scrolls of magic mapping
 J - a scroll of teleportation
 K - a scroll of random uselessness {unknown}
Potions
 n - a potion of lignification
 H - a potion of cure mutation
Books
 a - a book of Frost

   Spells                             Type                      Level
   a - Freeze                         Ice                          1
   b - Throw Frost                    Conjuration/Ice              2
   c - Ozocubu's Armour               Charms/Ice                   3
   d - Throw Icicle                   Conjuration/Ice              4
   e - Summon Ice Beast               Ice/Summoning                4
 u - a book of Ice

   Spells                             Type                      Level
   a - Ice Form                       Ice/Transmutation            4
   b - Metabolic Englaciation         Hexes/Ice                    5
   c - Ozocubu's Refrigeration        Ice                          6
   d - Bolt of Cold                   Conjuration/Ice              6
   e - Freezing Cloud                 Conjuration/Ice/Air          6
   f - Simulacrum                     Ice/Necromancy               6
 A - a book of Burglary

   Spells                             Type                      Level
   a - Swiftness                      Charms/Air                   2
   b - Passwall                       Transmutation/Earth          2
   c - Passage of Golubria            Translocation                4
   d - Lee's Rapid Deconstruction     Earth                        5
   e - Darkness                       Hexes                        6
   f - Invisibility                   Hexes                        6
 C - a book of Annihilations

   Spells                             Type                      Level
   a - Poison Arrow                   Conjuration/Poison           6
   b - Chain Lightning                Conjuration/Air              8
   c - Lehudib's Crystal Spear        Conjuration/Earth            8
   d - Glaciate                       Conjuration/Ice              9
   e - Fire Storm                     Conjuration/Fire             9
 G - a book of Clouds

   Spells                             Type                      Level
   a - Mephitic Cloud                 Conjuration/Poison/Air       3
   b - Conjure Flame                  Conjuration/Fire             3
   c - Poisonous Cloud                Conjuration/Poison/Air       6
   d - Freezing Cloud                 Conjuration/Ice/Air          6
   e - Ring of Flames                 Charms/Fire                  7
Comestibles
 b - 5 bread rations
 m - a beef jerky
 w - 2 meat rations


   Skills:
 - Level 1.7(1.4) Dodging
 - Level 1.7(1.4) Stealth
 + Level 10.7(10.3) Spellcasting
 - Level 4.6(4.3) Conjurations
 - Level 10.6(10.1) Ice Magic


You had 22 spell levels left.
You knew the following spells:

 Your Spells              Type           Power        Failure   Level  Hunger
a - Freeze                Ice            ####         1%          1    None
b - Ozocubu's Armour      Chrm/Ice       ####....     6%          3    None
c - Throw Icicle          Conj/Ice       ####....     10%         4    ###....


Dungeon Overview and Level Annotations

Branches:
Dungeon (11/15)            Temple (1/1) D:7             Orc (0/2) D:11
   Lair: D:8-11

Altars:
Ashenzari
Cheibriados
Dithmenos
Elyvilon
Fedhas
Gozag
Makhleb
Nemelex Xobeh
Okawaru
Pakellas
Qazlal
Ru
Sif Muna
Trog
Vehumet
Xom
Yredelemnul
Zin
The Shining One

Shops:
D:11 %

Annotations:
D:5 Menkaure


Innate Abilities, Weirdness & Mutations

You can spit globs of burning liquid.
You can ignite nearby creatures when you spit burning liquid.
Your weird mottled scales are hard (AC +7).
Your body does not fit into most forms of armour.
You are cold-blooded and may be slowed by cold attacks.
You have a beak for a mouth.


Message History

Casting: Freeze
Confirm with . or Enter, or press ? or * to list all spells.
Aiming: Freeze
Press: ? - help, Shift-Dir - straight line, f/p - orc warrior
Aim: an orc warrior, wielding a trident and wearing a plate armour (severely wounded)
You freeze the orc warrior.
The orc warrior is almost dead.
The orc barely misses you.
The orc warrior hits you with a trident.
* * * LOW HITPOINT WARNING * * *
Casting: Freeze
Confirm with . or Enter, or press ? or * to list all spells.
Aiming: Freeze
Press: ? - help, Shift-Dir - straight line, f/p - orc warrior
Aim: an orc warrior, wielding a trident and wearing a plate armour (almost dead)
You freeze the orc warrior.
You kill the orc warrior!
Vehumet accepts your kill.
The orc hits you from afar with a trident!
You die...

#.##.#
##########...#.##
.................
.####........#.# #
.# #.###.##.#%#
#.# .# #.#
#....#.# ...#
'####.# ###..#.#
....# ...##.#
#..#.###C....#
^..##.#
#.....@)o.....
...##.##
#.##.######...
>....... ........
###########.##.###
#.##.# #...?. ##
#.# #.#


You could see a hill giant and an orc.

Vanquished Creatures
  Erica (D:11)
  A cyclops (D:11)
  Maurice (D:11)
  Prince Ribbit (D:6)
  Sigmund (D:2)
  The ghost of johnl023 the Conjurer, an amateur DrCj (D:4)
  A hungry ghost (D:8)
  A steam dragon (D:8)
  Edmund (D:6)
  3 ice beasts
  5 orc warriors
  A black bear (D:8)
  3 centaurs
  3 ogres
  A crocodile (D:11)
  6 giant frogs
  2 big kobolds (D:11)
  Blork the orc (D:6)
  2 scorpions
  A water moccasin zombie (D:7)
  4 killer bees (D:11)
  A wight (D:11)
  2 howler monkeys
  3 crimson imps
  6 hounds
  A giant frog skeleton (D:11)
  A giant frog zombie (D:6)
  2 jellies
  8 orc priests
  2 iguanas
  A centaur skeleton (D:6)
  Jessica (D:2)
  Natasha (twice) (D:2)
  12 orc wizards
  3 worker ants
  A worker ant zombie (D:8)
  Robin (D:2)
  3 gnolls (D:2)
  9 adders
  2 shadow imps
  2 worms
  3 giant geckos
  43 orcs
  8 giant cockroaches
  16 goblins
  13 hobgoblins
  13 jackals
  10 kobolds
  3 quokkas
  2 ball pythons
  8 bats
  6 giant newts
  8 rats
237 creatures vanquished.

Notes
Turn   | Place    | Note
--------------------------------------------------------------
     0 | D:1      | zxpr0jk the Draconian Ice Elementalist began the quest for the Orb.
     0 | D:1      | Reached XP level 1. HP: 14/14 MP: 3/3
   128 | D:1      | Reached XP level 2. HP: 20/20 MP: 5/5
   924 | D:2      | Reached XP level 3. HP: 26/26 MP: 7/7
   929 | D:2      | Learned a level 3 spell: Ozocubu's Armour
  1023 | D:2      | Reached XP level 4. HP: 33/33 MP: 8/8
  1200 | D:2      | Found a glowing golden altar of the Shining One.
  1228 | D:2      | Noticed Sigmund
  1244 | D:2      | Killed Sigmund
  1244 | D:2      | Reached skill level 5 in Ice Magic
  1244 | D:2      | Reached XP level 5. HP: 38/38 MP: 0/10
  1300 | D:2      | Noticed Jessica
  1311 | D:2      | Killed Jessica
  1311 | D:2      | Reached XP level 6. HP: 45/45 MP: 7/11
  1320 | D:2      | Learned a level 4 spell: Throw Icicle
  1362 | D:2      | Noticed Natasha
  1365 | D:2      | Killed Natasha
  1809 | D:2      | Noticed Robin
  1839 | D:2      | Killed Robin
  2121 | D:2      | Noticed Natasha
  2126 | D:2      | Killed Natasha
  2327 | D:3      | Found an opulent altar of Gozag.
  2328 | D:3      | Found a snail-covered altar of Cheibriados.
  2329 | D:3      | Found a bloodstained altar of Trog.
  2330 | D:3      | Found a white marble altar of Elyvilon.
  2331 | D:3      | Found a shadowy altar of Dithmenos.
  2333 | D:3      | Found a basalt altar of Yredelemnul.
  3474 | D:4      | Your scales start taking on a weird mottled colour.
  3474 | D:4      | Reached XP level 7. HP: 36/50 MP: 9/13
  3485 | D:4      | Noticed johnl023's ghost (amateur DrCj)
  3515 | D:4      | Killed johnl023's ghost
  4350 | D:5      | Entered Level 5 of the Dungeon
  4491 | D:5      | Noticed Menkaure
  4519 | D:6      | Noticed Prince Ribbit
  4535 | D:6      | Killed Prince Ribbit
  4535 | D:6      | Reached XP level 8. HP: 57/57 MP: 15/15
  4647 | D:6      | Noticed Edmund
  4659 | D:6      | Killed Edmund
  4677 | D:6      | HP: 2/57 [orc/hand axe (7)]
  4753 | D:6      | Noticed Blork the orc
  4761 | D:6      | Killed Blork the orc
  5134 | D:6      | Found a sacrificial altar of Ru.
  5275 | D:6      | Reached skill level 10 in Ice Magic
  5542 | D:7      | Reached XP level 9. HP: 60/62 MP: 16/16
  5705 | D:7      | Found a staircase to the Ecumenical Temple.
  5719 | Temple   | Entered the Ecumenical Temple
  5922 | Temple   | Became a worshipper of Vehumet
  6344 | D:8      | Reached skill level 5 in Spellcasting
  6363 | D:8      | Found a shimmering altar of Xom.
  6446 | D:8      | Found a shimmering altar of Xom.
  6446 | D:8      | Found a shimmering altar of Xom.
  6793 | D:8      | Found a deep blue altar of Sif Muna.
  6977 | D:8      | Found an oddly glowing altar of Pakellas.
  7185 | D:8      | Reached * piety under Vehumet
  7185 | D:8      | Offered knowledge of Flame Tongue by Vehumet.
  7405 | D:8      | You fall through a shaft for 3 floors!
  7437 | D:11     | Noticed Erica
  7457 | D:11     | HP: 3/62 [something/bolt of poison (13)]
  7463 | D:11     | Gained mutation: Your flesh is cold resistant. [potion of mutation]
  7463 | D:11     | Gained mutation: Your spells are a little easier to cast, but a little less powerful. [potion of mutation]
  7463 | D:11     | Gained mutation: You have a beak for a mouth. [potion of mutation]
  7478 | D:11     | Killed Erica
  7478 | D:11     | Reached XP level 10. HP: 29/69 MP: 2/22
  7725 | D:11     | Noticed Maurice
  7753 | D:11     | Killed Maurice
  7871 | D:11     | Gained mutation: You have a pair of small horns on your head. [potion of mutation]
  7871 | D:11     | Gained mutation: You are dopey. (Int -2) [potion of mutation]
  7871 | D:11     | Lost mutation: Your spells are a little easier to cast, but a little less powerful. [potion of mutation]
  7958 | D:11     | Lost mutation: You are dopey. (Int -2) [potion of cure mutation]
  7958 | D:11     | Lost mutation: You have a pair of small horns on your head. [potion of cure mutation]
  7958 | D:11     | Lost mutation: Your flesh is cold resistant. [potion of cure mutation]
  7975 | D:11     | Reached ** piety under Vehumet
  8411 | D:11     | Found a staircase to the Orcish Mines.
  8508 | D:11     | Offered knowledge of Throw Flame by Vehumet.
  8508 | D:11     | Reached skill level 10 in Spellcasting
  8690 | D:11     | Found Nogucvyff's Food Boutique.
  8722 | D:11     | Noticed a cyclops
  8737 | D:11     | Killed a cyclops
  8987 | D:11     | Got a brightly glowing spear
  8988 | D:11     | Identified the +4 spear "Icravys" {pierce, SInv} (You found it on level 11 of the Dungeon)
  9060 | D:11     | Noticed a gargoyle
  9237 | D:10     | Entered Level 10 of the Dungeon
  9287 | D:10     | Noticed a hill giant
  9291 | D:10     | Slain by an orc

Vault maps used:
D:1:      saegor_arrival_simple_b
D:2:      kennysheep_goblin_castle, lemuel_round_altar, first_bread,
          uniq_jessica, uniq_sigmund, uniq_natasha
D:3:      minitemple, corexii_shack
D:5:      portal_sewer_entry_e, uniq_menkaure, uniq_grinder
D:6:      old_standard_altar, uniq_blork_the_orc, uniq_edmund,
          uniq_prince_ribbit1
D:7:      minmay_temple_entry_grid, kennysheep_windowed_goal
D:8:      grunt_pakellas_basics, led_sif_book, xom_shifter_show, minivault_27
D:11:     david_orc_4, serial_shops, nicolae_shop_behind_doors, special_room,
          enter_bailey_2, uniq_maurice, uniq_erica, uniq_psyche
Temple:   minmay_temple_bridge_a_8

Skill      XL: |  1  2  3  4  5  6  7  8  9 10 |
---------------+-------------------------------+-----
Ice Magic      | 4 5 6 8 10 | 10.6
Spellcasting   | 3 4 8 10 | 10.7
Conjurations   | 2 4 |  4.6
Dodging        | |  1.7
Stealth        | |  1.7

Action                   |  1- 3 |  4- 6 |  7- 9 | 10-12 || total
-------------------------+-------+-------+-------+-------++-------
Melee: Unarmed           |     3 |       |       |       ||     3
       Hand axe          |     4 |       |       |       ||     4
       Halberd           |     2 |    95 |       |       ||    97
       Tailslap          |     1 |    15 |    20 |    11 ||    47
       Dagger            |       |    94 |    48 |       ||   142
       Staff             |       |       |    26 |     3 ||    29
       Quarterstaff      |       |       |    64 |    42 ||   106
       Spear             |       |       |       |    27 ||    27
       Peck              |       |       |       |     9 ||     9
       Headbutt          |       |       |       |     1 ||     1
 Fire: Hunting sling     |    69 |     5 |       |       ||    74
Throw: Tomahawk          |       |       |    13 |     2 ||    15
       Javelin           |       |       |       |    14 ||    14
 Cast: Freeze            |     7 |    15 |   188 |    72 ||   282
       Ozocubu's Armour  |     1 |     5 |    18 |     8 ||    32
       Throw Icicle      |       |       |    38 |     6 ||    44
 Abil: Breathe Sticky Fl |       |       |     3 |     2 ||     5
Evoke: Wand              |       |       |     6 |     7 ||    13
  Use: Potion            |       |     1 |     9 |     8 ||    18
       Scroll            |       |       |       |     8 ||     8
 Stab: Sleeping          |     1 |     4 |     1 |       ||     6
  Eat: Chunk             |       |     9 |    19 |     7 ||    35
       Pizza             |       |       |     1 |       ||     1
       Fruit             |       |       |     2 |       ||     2
       Beef jerky        |       |       |     1 |       ||     1
Armor: Skin              |     8 |   114 |   153 |    61 ||   336
Dodge: Dodged            |    22 |   181 |   204 |    85 ||   492
Block: Buckler           |     9 |       |    54 |     9 ||    72
